 Dungeon Crawl Stone Soup version 0.29-a0-356-g7bc237e783 (webtiles) character file.

Game seed: 1754763341932892602

1961 zeratav the Skirmisher (level 9, -2/68 HPs)
             Began as a Djinni Ice Elementalist on Apr 26, 2022.
             Slain by a sky beast (5 damage)
             ... on level 6 of the Dungeon.
             The game lasted 00:12:39 (7224 turns).

zeratav the Skirmisher (Djinni Ice Elementalist)    Turns: 7224, Time: 00:12:40

Health: -2/68      AC: 12    Str:  7    XL:     9   Next: 42%
Gold:   269        EV: 12    Int: 26    God:
                   SH:  0    Dex: 15

rFire   + + .      SeeInvis .   e - +0 short sword {short}
rCold   x . .      Faith    .   (no shield)
rNeg    . . .      Spirit   .   a - +0 robe
rPois   ∞          Reflect  .   (no helmet)
rElec   .          Harm     .   (no cloak)
rCorr   .          Rampage  .   u - +0 pair of gloves
Will    +....                   (boots unavailable)
Stlth   ++........              (no amulet)
HPRegen 0.21/turn               y - ring of willpower
MPRegen 0.00/turn               F - +6 ring of intelligence

@: ice-armoured, freezing walls, flying
A: sickness immunity, fire resistance 2, cold vulnerability 1, float, innate
caster, HP casting, extra vitality 1
a: no special abilities


You were on level 6 of the Dungeon.
You visited 1 branch of the dungeon, and saw 6 of its levels.

You collected 269 gold pieces.


Innate Abilities, Weirdness & Mutations

You are immune to sickness and miasma.
You are immune to poison.
Your flesh is very heat resistant. (rF++)
You are vulnerable to cold. (rC-)
You float through the air rather than walking.
You learn spells naturally, not from books.
Your magical power is your life essence.
You have superior vitality. (+4 MHP)


   Skills:
 * Level 7.3 Fighting
 + Level 4.9 Armour
 - Level 2.1 Dodging
 - Level 1.5 Stealth
 * Level 6.6 Spellcasting


You had one spell level left.
You knew the following spells:

 Your Spells              Type           Power      Damage    Failure   Level
a - Freeze                Ice            100%       1d11      1%          1
b - Frozen Ramparts       Ice            86%        1d10      1%          3
c - Ozocubu's Armour      Ice            43%        N/A       1%          3
d - Hailstorm             Conj/Ice       43%        3d10      4%          4
e - Slow                  Hex            100%       N/A       1%          1
f - Blink                 Tloc           86%        N/A       1%          2
g - Summon Guardian Gole  Hex/Summ       43%        N/A       1%          3
h - Teleport Other        Tloc           43%        N/A       1%          3
Your spell library was empty.

Inventory:

Hand Weapons
 e - a +0 short sword (weapon) {short}
   (You took it off a kobold on level 1 of the Dungeon)
 W - a +1 vorpal spear {polearm}
   (You found it on level 6 of the Dungeon)
Armour
 a - a +0 robe (worn)
 f - a +0 ring mail
   (You found it on level 1 of the Dungeon)
 g - a +0 leather armour
   (You found it on level 1 of the Dungeon)
 i - a +0 robe
   (You found it on level 1 of the Dungeon)
 k - a +0 ring mail
   (You found it on level 1 of the Dungeon)
 q - a +0 leather armour
   (You found it on level 2 of the Dungeon)
 t - a +0 robe
   (You found it on level 2 of the Dungeon)
 u - a +0 pair of gloves (worn)
   (You found it on level 2 of the Dungeon)
 v - a +0 chain mail
   (You found it on level 2 of the Dungeon)
 A - a +0 robe
   (You found it on level 3 of the Dungeon)
 E - a +0 plate armour
   (You found it on level 4 of the Dungeon)
 G - a +0 ring mail
   (You found it on level 4 of the Dungeon)
 H - a +0 chain mail
   (You took it off Terence on level 3 of the Dungeon)
 I - a +0 robe
   (You found it on level 3 of the Dungeon)
 J - a +0 helmet
   (You found it on level 3 of the Dungeon)
 K - a +0 chain mail
   (You found it on level 5 of the Dungeon)
 O - a +0 ring mail
   (You found it on level 5 of the Dungeon)
 P - a +0 plate armour
   (You found it on level 5 of the Dungeon)
 Q - a +0 scale mail
   (You found it on level 5 of the Dungeon)
 R - a +0 chain mail
   (You found it on level 5 of the Dungeon)
 S - a +0 ring mail
   (You took it off an orc on level 6 of the Dungeon)
 T - a +0 robe
   (You took it off an orc wizard on level 6 of the Dungeon)
 U - a +0 leather armour
   (You took it off an orc on level 6 of the Dungeon)
Magical Staves
 h - a staff of death {staff}
   (You found it on level 1 of the Dungeon)
Jewellery
 r - a ring of poison resistance
   (You found it on level 2 of the Dungeon)
 y - a ring of willpower (left hand)
   (You found it on level 3 of the Dungeon)
 F - a +6 ring of intelligence (right hand)
   (You found it on level 4 of the Dungeon)
Scrolls
 c - 2 scrolls of enchant armour {unknown}
 m - 3 scrolls of noise {unknown}
 n - a scroll of teleportation {unknown}
 s - 5 scrolls of identify {unknown}
 D - 2 scrolls of fog {unknown}
 L - a scroll of brand weapon {unknown}
 M - a scroll of blinking {unknown}
 N - 2 scrolls of magic mapping {unknown}
 V - a scroll of silence {unknown}
Potions
 b - 2 potions of might {unknown}
 d - a potion of magic {unknown}
 j - 4 potions of lignification {unknown}
 l - a potion of brilliance {unknown}
 o - a potion of mutation {unknown}
 p - a potion of ambrosia {unknown}
 w - a potion of flight {unknown}
 x - 2 potions of invisibility {unknown}
 z - 2 potions of haste {unknown}
 B - a potion of cancellation {unknown}
 C - a potion of berserk rage {unknown}

Dungeon Overview and Level Annotations

Branches:
Dungeon (6/15)
 Temple: D:4-7

Altars:
Fedhas
Trog
Uskayaw
The Shining One

Shops:
D:4

* .. ..^...# ##########
..##.# #.>...# #.........
...... #.....# #.........
......##.....# #.........
#......#.....###.........
#............#...........
#..#.........#...........
.............#...........
........@....#...........
....#..#{#####...##......
.. ##.#.9..##...##...##.
#.#....#######...##.
#.#....#..........#.
..#....#..........#.
..#...............#.
...#####...........##
...#####.##.###....##


You could see a friendly guardian golem (summoned).


Message History

What are your orders? t - Shout!
Orders for allies: a - Attack new target. r - Retreat! s - Stop attacking. g - Guard the area. f - Follow me.
Anything else - Cancel.
Okay, then.
What are your orders? t - Shout!
Orders for allies: a - Attack new target. r - Retreat! s - Stop attacking. g - Guard the area. f - Follow me.
Anything else - Cancel.
Okay, then.
Something hits you but does no damage.
You swap places.
Something hits you but does no damage.
HP[+1]
Something hits you. Something shocks you.
HP[-7]
You take 7 damage, and now have 48/68 hp.
You swap places.
A sky beast appears from thin air!
Reactivating autopickup.
The sky beast hits you but does no damage.
What are your orders? t - Shout!
Orders for allies: a - Attack new target. r - Retreat! s - Stop attacking. g - Guard the area. f - Follow me.
Anything else - Cancel.
Gang up on whom?
Press: ? - help, Dir - move target, f - sky beast
Aim: a sky beast (rain, lightly wounded, ally target) Attack!
The sky beast hits you but does no damage.
HP[+1]
The sky beast attacks as you move away! The sky beast barely misses you.
The sky beast closely misses you.
The sky beast hits you but does no damage.
HP[+1]
The sky beast flickers out of sight!
Deactivating autopickup; reactivate with Ctrl-A.
You closely miss something. Something hits you. Something shocks you.
HP[-7]
You take 7 damage, and now have 43/68 hp.
You closely miss something. Something hits you. Something shocks you.
HP[-8]
You take 8 damage, and now have 35/68 hp.
You closely miss something. Something hits you.
* * * LOW HITPOINT WARNING * * *
Something shocks you.
* * * LOW HITPOINT WARNING * * *
HP[-7]
You take 7 damage, and now have 28/68 hp.
Casting: Summon Guardian Golem (safe; 1% risk of failure)
Confirm with . or Enter, or press ? or * to list all spells.
You can't see any susceptible monsters within range! (Use Z to cast anyway.)
Casting: Summon Guardian Golem (safe; 1% risk of failure)
Confirm with . or Enter, or press ? or * to list all spells.
You can't see any susceptible monsters within range! (Use Z to cast anyway.)
Casting: Summon Guardian Golem (safe; 1% risk of failure)
Confirm with . or Enter, or press ? or * to list all spells.
Casting: Frozen Ramparts (safe; 1% risk of failure)
Press: ? - help, Dir - look around, f - activate A rock wall.
The walls around you are covered in ice.
* * * LOW HITPOINT WARNING * * *
The wall freezes something.
Something hits you.
* * * LOW HITPOINT WARNING * * *
Something shocks you.
* * * LOW HITPOINT WARNING * * *
HP[-12]
You take 12 damage, and now have 16/68 hp.
Casting: Frozen Ramparts (safe; 1% risk of failure)
Confirm with . or Enter, or press ? or * to list all spells.
A film of ice covers your body!
* * * LOW HITPOINT WARNING * * *
The wall freezes something.
Something hits you but does no damage.
HP[-3]
You take 3 damage, and now have 13/68 hp.
Your icy armour and frozen ramparts will break if you move.
Continue? [Y]es or [N]o only, please.
Your icy armour and frozen ramparts will break if you move.
Continue? [Y]es or [N]o only, please.
Your icy armour and frozen ramparts will break if you move.
Continue?
Okay, then.
Hit: e) +0 short sword {short}
Press: ? - help, Dir - move target You hit something but do no damage.
The wall freezes something!
Something hits you.
* * * LOW HITPOINT WARNING * * *
Something shocks you.
* * * LOW HITPOINT WARNING * * *
HP[-8]
You take 8 damage, and now have 5/68 hp.
Hit: e) +0 short sword {short}
Press: ? - help, Dir - move target You miss something.
The wall freezes something!
Something hits you.
* * * LOW HITPOINT WARNING * * *
Something shocks you.
You die...

Skill      XL: |  1  2  3  4  5  6  7  8 |
---------------+-------------------------+-----
Fighting       | 1 2 3 4 5 7 |  7.3
Armour         | 1 2 3 4 |  4.9
Spellcasting   | 4 5 6 |  6.6
Dodging        | |  2.1
Stealth        | |  1.5

Action                   |  1- 3 |  4- 6 |  7- 9 || total
-------------------------+-------+-------+-------++-------
Melee: Short sword       |    10 |    15 |    29 ||    54
 Cast: Freeze            |    58 |    44 |    40 ||   142
       Frozen Ramparts   |       |     4 |     8 ||    12
       Summon Guardian G |       |       |    14 ||    14
       Hailstorm         |       |       |     8 ||     8
       Ozocubu's Armour  |       |       |     2 ||     2
Armor: Robe              |     9 |    13 |    13 ||    35
Dodge: Dodged            |    40 |    37 |    46 ||   123

Levels and vault maps discovered:
D:1:      scummos_arrival_checkerplants, layout_rooms,
          shapermc_ecumenical_altar_totnotflames, minivault_11,
          grunt_decor_fettered
D:2:      layout_loops_ring, serial_glass, glass_columns_b, glass_columns_a
D:3:      layout_rooms, minitemple, nrook_campfire, chequers_mini_garden,
          chequers_serial_rivers_micro_b, uniq_terence, uniq_natasha
D:4:      layout_basic, minmay_strange_pillars, nicolae_shop_gadgets
D:5:      nicolae_cairo_tiling_very_big, layout_loops_corners
D:6:      layout_basic, uniq_menkaure, uniq_duvessa, uniq_pikel,
          uniq_blork_the_orc

Notes
Turn   | Place    | Note
-------+----------+-------------------------------------------
     0 | D:1      | zeratav the Djinni Ice Elementalist began the quest for the
                  | Orb.
     0 | D:1      | Reached XP level 1. HP: 15/15 MP: 0/0
     0 | D:1      | magus.rc [v1.9.6]
   253 | D:1      | Reached XP level 2. HP: 17/22 MP: 0/0
   258 | D:1      | Reached skill level 1 in Fighting
   531 | D:1      | Found a faded altar of an unknown god.
   846 | D:1      | Reached XP level 3. HP: 19/27 MP: 0/0
   846 | D:1      | Learned a level 1 spell: Slow
  1345 | D:2      | Reached skill level 1 in Armour
  2070 | D:2      | Reached skill level 2 in Fighting
  2070 | D:2      | Reached XP level 4. HP: 25/33 MP: 0/0
  2561 | D:3      | Noticed Natasha
  2578 | D:3      | Killed Natasha
  2579 | D:3      | Reached XP level 5. HP: 16/39 MP: 0/0
  2579 | D:3      | Learned a level 2 spell: Blink
  2834 | D:3      | Noticed Natasha
  2839 | D:3      | Killed Natasha
  2840 | D:3      | Reached skill level 4 in Spellcasting
  2952 | D:3      | You are sucked into a shaft and drop 1 floor!
  3216 | D:4      | Found Vusa's Gadget Gallery.
  3335 | D:4      | Reached skill level 3 in Fighting
  3572 | D:4      | Reached skill level 2 in Armour
  3572 | D:4      | Reached XP level 6. HP: 29/46 MP: 0/0
  3961 | D:4      | Reached skill level 4 in Fighting
  3961 | D:4      | Reached XP level 7. HP: 37/52 MP: 0/0
  3961 | D:4      | Learned a level 3 spell: Summon Guardian Golem
  4152 | D:5      | Entered Level 5 of the Dungeon
  4239 | D:3      | Found a bloodstained altar of Trog.
  4247 | D:3      | Found a blossoming altar of Fedhas.
  4247 | D:3      | Found a glowing golden altar of the Shining One.
  4247 | D:3      | Found a hide-covered altar of Uskayaw.
  4293 | D:3      | Noticed Terence
  4298 | D:3      | Killed Terence
  4476 | D:3      | Noticed Natasha
  4483 | D:3      | Killed Natasha
  4894 | D:5      | Reached skill level 3 in Armour
  4930 | D:5      | Reached skill level 5 in Spellcasting
  5165 | D:5      | Reached skill level 5 in Fighting
  5165 | D:5      | Reached XP level 8. HP: 54/59 MP: 0/0
  6223 | D:5      | Reached skill level 6 in Fighting
  6223 | D:5      | Reached skill level 4 in Armour
  6391 | D:6      | Noticed a two-headed ogre
  6411 | D:5      | HP: 5/61 [ice beast (18)]
  6429 | D:5      | Reached skill level 6 in Spellcasting
  6708 | D:5      | Killed a two-headed ogre
  6709 | D:5      | Reached skill level 7 in Fighting
  6709 | D:5      | Reached XP level 9. HP: 16/68 MP: 0/0
  6709 | D:5      | Learned a level 3 spell: Teleport Other
  7221 | D:6      | HP: 16/68 [something (6)]
  7223 | D:6      | HP: 5/68 [something (5)]
  7224 | D:6      | Slain by a sky beast

Vanquished Creatures
  A phantom (D:5)
  A bullfrog (D:6)
  2 scorpions (D:5)
  2 necrophages (D:5)
  5 killer bees (D:4)
  2 hounds (D:5)
  Natasha (thrice) (D:3)
  Terence (D:3)
  An orc wizard (D:6)
  6 adders
  3 gnolls (D:5)
  A shadow imp (D:5)
  3 worms
  4 dart slugs
  5 orcs
  2 ball pythons
  5 endoplasms
  3 giant cockroaches
  7 goblins
  3 hobgoblins
  4 jackals (D:1)
  8 kobolds
  7 quokkas
  5 bats
  3 frilled lizards
  6 rats
93 creatures vanquished.

Vanquished Creatures (others)
  A two-headed ogre (D:5)
  A black bear (D:5)
  2 ice beasts (D:5)
  An ogre (D:5)
  A centaur (D:5)
6 creatures vanquished.

Grand Total: 99 creatures vanquished

Table legend:
 A = Non-vault XP
 B = Vault XP
 C = Vault XP percentage of total XP
 D = Non-vault monster count
 E = Vault monster count
 F = Vault count percentage of total count
                 A         B        C        D         E       F
            +---------+---------+-------+---------+---------+-------
      Total |    2730 |      72 |   2.6 |      97 |       2 |   2.0
            +---------+---------+-------+---------+---------+-------
        D:1 |      36 |       0 |   0.0 |      20 |       0 |   0.0
        D:2 |      46 |       0 |   0.0 |      19 |       0 |   0.0
        D:3 |     130 |      72 |  35.6 |      17 |       2 |  10.5
        D:4 |     350 |       0 |   0.0 |      16 |       0 |   0.0
        D:5 |    2015 |       0 |   0.0 |      18 |       0 |   0.0
        D:6 |     153 |       0 |   0.0 |       7 |       0 |   0.0
            +---------+---------+-------+---------+---------+-------

Illustrated notes

Table legend:
 A = Kills in this place as a percentage of kills in entire the game.
 B = Kills by you in this place as a percentage of kills by you in the entire game.
 C = Kills by friends in this place as a percentage of kills by friends in the entire game.
 D = Other kills in this place as a percentage of other kills in the entire game.
 E = Experience gained in this place as a percentage of experience gained in the entire game.
 F = Experience gained in this place divided by the number of levels of this place that you have seen.
                   A       B       C       D       E      F
               +-------+-------+-------+-------+-------+----------------------
         Total | 100.0 | 100.0 |   N/A | 100.0 | 100.0 | 467.0
       Dungeon | 100.0 | 100.0 |   N/A | 100.0 | 100.0 | 467.0
               +-------+-------+-------+-------+-------+----------------------

Table legend: (Time is in decaauts)
 A = Elapsed time spent in this place.
 B = Non-inter-level travel time spent in this place.
 C = Inter-level travel time spent in this place.
 D = Time resting spent in this place.
 E = Time spent auto-exploring this place.
 F = Levels seen in this place.
 G = Mean time per level.
                   A        B        C        D        E       F      G
               +--------+--------+--------+--------+--------+-----+--------+
         Total |   7230 |   6974 |    256 |   1541 |   4541 |   6 | 1205.0 |
       Dungeon |   7230 |   6974 |    256 |   1541 |   4541 |   6 | 1205.0 |
               +--------+--------+--------+--------+--------+-----+--------+

Top non-repeatable levels by time:
     D:5: 2307 daAuts
     D:1: 1318 daAuts
     D:4: 1267 daAuts
     D:2: 1065 daAuts
     D:3: 976 daAuts
     D:6: 295 daAuts
